cohdb
Replays
Latest Replays
All Replays
Popular Replays
Top Player Replays
Match Explorer
How It Works
Community
CoH3 Stats
Reddit
Sign in to upload your games and track your stats! →
Sign in with Steam
Match 44335157
Unlisted
Match 44335157
Overview
Messages
Build Orders
End
Kradschützen Motorcycle Team
Panzergrenadier Squad
Panzergrenadier Squad
Panzergrenadier Squad
Selects Italian Infantry
Selects Defensive Operations
Construct Light Support Kompanie
Selects Guastatori Squad
Guastatori Squad
Guastatori Squad
2.5-tonne Medical Truck
Panzerjäger Squad
Selects Prepared Positions
Selects Propaganda War
Fire Support Elements
Panzerjäger Squad
Propaganda War
Pak 38 Mechanized Group
Propaganda War
lucio valadares
robwarrior
0
0
Comments
sign in to comment!
No comments posted yet!